Map: King Sejong Station LE

Players

banana

  • Race: Protoss Protoss
  • League: Gold
  • Spawn Location: 11:00

Fropez - Winner!

  • Race: Protoss Protoss
  • League: Gold
  • Spawn Location: 5:00

VOD

Have the link to the VOD?

Description

Time

  • Played on: Sept. 12, 2016, 10:54 a.m.
  • Length: 6:50
Show
View Real Time Build Order
Export as new Build Order

banana Protoss 

Build Orders: Oracle Opening 

Get SALT Encoding   

  12  0:00  Probe (Chrono Boost)  
  13  0:14  Pylon  
  13  0:19  Probe (Chrono Boost)  
  14  0:30  Probe (Chrono Boost)  
  15  0:39  Gateway  
  15  0:42  Probe (Chrono Boost)  
  16  0:52  Probe (Chrono Boost), Assimilator  
  17  1:03  Probe (Chrono Boost)  
  18  1:05  Assimilator  
  18  1:27  Cybernetics Core  
  18  1:31  Probe (Chrono Boost)  
  19  1:42  Probe (Chrono Boost)  
  19  1:43  Gateway  
  20  1:59  Probe (Chrono Boost)  
  21  2:06  Warp Gate  
  21  2:07  Adept (Chrono Boost)  
  23  2:16  Pylon  
  23  2:20  Pylon  
  23  2:34  Probe  
  23  2:36  Adept (Chrono Boost)  
  28  2:40  Adept (Chrono Boost)  
  28  2:42  Stargate  
  28  2:46  Probe  
  29  3:10  Mothership Core  
  31  3:38  Oracle (Chrono Boost)  
  33  3:57  Gateway x2  
  27  4:14  Forge  
  25  4:27  Stalker x2  
  21  4:42  Probe  
  21  4:51  Photon Cannon  
  21  4:54  Probe  
  22  5:06  Probe  
  23  5:18  Probe  
  24  5:30  Probe  
  24  5:32  Phoenix (Chrono Boost)  
  27  5:42  Probe  
  28  5:49  Stalker x2  
  30  6:04  Phoenix (Chrono Boost)  
  30  6:12  Probe  
  31  6:44  Pylon  
  31  6:46  Pylon  
Show
View Real Time Build Order
Export as new Build Order

Fropez Protoss - Winner!

Build Orders:  

Get SALT Encoding   

  12  0:01  Probe (Chrono Boost)  
  13  0:16  Pylon  
  13  0:17  Probe (Chrono Boost)  
  14  0:31  Probe (Chrono Boost)  
  15  0:36  Gateway  
  15  0:42  Probe (Chrono Boost)  
  16  0:49  Assimilator  
  16  0:52  Probe (Chrono Boost)  
  17  1:02  Pylon  
  17  1:03  Probe (Chrono Boost)  
  18  1:14  Probe (Chrono Boost)  
  19  1:23  Cybernetics Core  
  19  1:25  Probe (Chrono Boost)  
  20  1:35  Pylon, Probe (Chrono Boost)  
  21  1:40  Assimilator  
  21  1:46  Probe (Chrono Boost)  
  22  1:56  Probe (Chrono Boost)  
  22  1:58  Gateway  
  22  1:59  Warp Gate (Chrono Boost)  
  23  2:02  Adept (Chrono Boost)  
  23  2:08  Probe  
  26  2:20  Mothership Core  
  28  2:26  Adept (Chrono Boost)  
  30  2:49  Adept (Chrono Boost)  
  30  2:50  Adept (Chrono Boost)  
  34  2:57  Pylon  
  34  2:59  Pylon  
  34  3:02  Pylon  
  33  3:06  Probe  
  36  3:13  Adept (Chrono Boost)  
  36  3:16  Adept (Chrono Boost)  
  38  3:59  Nexus  
  38  4:03  Pylon  
  38  4:04  Probe  
  38  4:06  Pylon  
  39  4:13  Stalker x2  
  43  4:38  Stalker x2  
  43  4:39  Probe  
  44  4:45  Gateway  
  44  4:50  Robotics Facility  
  40  4:53  Probe  
  40  4:55  Assimilator  
  37  5:08  Stalker x2  
  36  5:43  Stalker x2  
  36  6:02  Immortal  
  40  6:15  Pylon  
  40  6:16  Gateway  
  40  6:18  Gateway  
  38  6:41  Stalker  
  38  6:42  Stalker x2  
Tags
 
League
GoldGold
Matchup
PvP
Replay Pack
All Mines
Spawn Locations
Cross Positions
Add a new tag
Caveats
  • Supply blocks, unpowered buildings, or Contaminate may cause inaccurate times.
  • Supply counts are checked every 10 seconds.